[ AOE2 MATCH · #478156864 ]
UnrankedJapanese vs Berbers
[ REPLAY ANALYSIS · EXTRACTED FROM THE RECORDED GAME ]
Feudal
—
Castle
—
Imperial
—
| APM avg | 28.7 |
| APM peak | 7 |
| eAPM avg | 28.7 |
| Villagers / military | 0 / 0 |
Feudal
—
Castle
—
Imperial
—
| APM avg | 12.3 |
| APM peak | 3 |
| eAPM avg | 12.3 |
| Villagers / military | 1 / 0 |
Focus
⚔️ 0.0% · 🌾 100.0%
Feudal
—
Castle
—
Imperial
—
| APM avg | 28.7 |
| APM peak | 7 |
| eAPM avg | 24.6 |
| Villagers / military | 2 / 0 |
Focus
⚔️ 0.0% · 🌾 100.0%
Feudal
—
Castle
—
Imperial
—
| APM avg | 32.8 |
| APM peak | 8 |
| eAPM avg | 24.6 |
| Villagers / military | 3 / 0 |
Focus
⚔️ 0.0% · 🌾 100.0%
Feudal
—
Castle
—
Imperial
—
| APM avg | 45.1 |
| APM peak | 11 |
| eAPM avg | 45.1 |
| Villagers / military | 3 / 0 |
Focus
⚔️ 0.0% · 🌾 100.0%
Feudal
—
Castle
—
Imperial
—
| APM avg | 41.0 |
| APM peak | 10 |
| eAPM avg | 41.0 |
| Villagers / military | 3 / 0 |
Focus
⚔️ 0.0% · 🌾 100.0%
Feudal
—
Castle
—
Imperial
—
| APM avg | 53.3 |
| APM peak | 13 |
| eAPM avg | 41.0 |
| Villagers / military | 5 / 0 |
Focus
⚔️ 0.0% · 🌾 100.0%
Feudal
—
Castle
—
Imperial
—
| APM avg | 28.7 |
| APM peak | 7 |
| eAPM avg | 28.7 |
| Villagers / military | 0 / 0 |
Match map
Initial resources + every placement click. Lines = walls · curves = elevation contours. ◆ gold · ⬟ stone · ● berries · ✦ relic · ◌ wall gap
Your base
菜鸟1号's base
KIMOCHI's base
Marustus's base
Yanami Anna's base
linyankuang0725's base
打架少个人,舔包多双手's base
佛本是道's base
Smoothed initial terrain · ◌ = detected wall gap · hover for details
Inputs per minute
— 夕岚飞鸟还 - - 菜鸟1号
Build order — 夕岚飞鸟还
0 actions detected in the replay
Build order — 菜鸟1号
1 actions detected in the replay
| 0:02 | Create | Villager (Male) |
Build order — KIMOCHI
3 actions detected in the replay
| 0:01 | Create | Villager (Male) |
| 0:01 | Create | Villager (Male) |
| 0:07 | Build | House |
Build order — Marustus
4 actions detected in the replay
| 0:01 | Create | Villager (Male) |
| 0:01 | Create | Villager (Male) |
| 0:02 | Create | Villager (Male) |
| 0:07 | Build | House |
Build order — Yanami Anna
5 actions detected in the replay
| 0:00 | Create | Villager (Male) |
| 0:01 | Create | Villager (Male) |
| 0:01 | Create | Villager (Male) |
| 0:02 | Build | House |
| 0:13 | Build | House |
Build order — linyankuang0725
3 actions detected in the replay
| 0:02 | Create | Villager (Male) |
| 0:02 | Create | Villager (Male) |
| 0:02 | Create | Villager (Male) |
Build order — 打架少个人,舔包多双手
7 actions detected in the replay
| 0:02 | Build | House |
| 0:07 | Build | House |
| 0:08 | Create | Villager (Male) |
| 0:08 | Create | Villager (Male) |
| 0:08 | Create | Villager (Male) |
| 0:13 | Create | Villager (Male) |
| 0:14 | Create | Villager (Male) |
Build order — 佛本是道
0 actions detected in the replay
Match timeline
| 0:02 | 夕岚飞鸟还 · resign |
[ AI ANALYSIS · 1 CREDIT ]
What really happened in this match?
Wolo.gg analyzes every decision: build order, eco, micro, common mistakes by bracket. Personalized analysis on WhatsApp or Discord in 30 seconds.
Civ guide
Japanese
Perfil
Jugador #6901543